cohdb
Replays
Latest Replays
All Replays
Popular Replays
Top Player Replays
Match Explorer
How It Works
Community
CoH3 Stats
Reddit
Sign in to upload your games and track your stats! →
Sign in with Steam
Match 42220360
Unlisted
Match 42220360
Overview
Messages
Build Orders
End
Selects Australian Defense Battlegroup
Selects Australian Light Infantry Section
Australian Light Infantry Section
Vickers Machine Gun Team
Construct Section Command Post
Australian Light Infantry Section
Construct Platoon Command Post
Selects 2-pounder Anti-tank Gun Team
Infantry Training
Forward Retreat Point
2-pounder Anti-tank Gun Team
CMP 15cwt Truck
Australian Light Infantry Section
linms82
gUi
无胡
fredxiahuang
MarcusLSW
싼타임블리당
Aleph
[PMT] Ramin
0
0
Comments
sign in to comment!
No comments posted yet!